 Dungeon Sprint DCSS version 0.17-a0-1582-ge6b0260 (webtiles) character file.

56 nuthulu the Fighter (level 7, -4/51 HPs)
             Began as a Gargoyle Fighter on July 27, 2015.
             Was a Priest of Trog.
             Slain by a fire bat (6 damage)
             ... in the Dungeon (Sprint VI: "Thunderdome").
             The game lasted 00:02:07 (300 turns).

nuthulu the Fighter (Gargoyle Fighter)               Turns: 300, Time: 00:02:07

Health: -4/51      AC: 21    Str: 25    XL:     7   Next: 39%
Magic:  7/7        EV:  9    Int:  8    God:    Trog [***...]
Gold:   22         SH: 12    Dex: 14    Spells: 0 memorised, 6 levels left

rFire  . . .     SeeInvis .     a - +0 flail
rCold  + . .     Clarity  .     p - +2 scale mail {MR+}
rNeg   + . .     SustAt   .     c - +0 shield
rPois  ∞         Gourm    .     (no helmet)
rElec  +         Spirit   .     (no cloak)
rCorr  .         Warding  .     (no gloves)
rMut   .         NoTele   +     (no boots)
MR     +....                    (no amulet)
Stlth  ..........               s - ring of Dighuy {+Fly rC+}
                                q - ring "Lilo" {AC+6 Dex+3}

@: mighty, very slightly contaminated, somewhat resistant to hostile
enchantments, extremely unstealthy
A: negative energy resistance 1, electricity resistance, unbreathing,
petrification resistance, rot immunity, AC +4
a: Burn Spellbooks, Berserk, Trog's Hand, Renounce Religion, Evoke Flight


You were in the Dungeon.
You worshipped Trog.
Trog was most pleased with you.
You were not hungry.

You visited 1 branch You collected 280 gold pieces.
You spent 258 gold pieces at shops.

Inventory:

Hand weapons
 a - a +0 flail (weapon)
Armour
 b - a +0 scale mail
 c - a +0 shield (worn)
 p - a +2 scale mail of magic resistance (worn)
Jewellery
 q - the ring "Lilo" (left hand) {AC+6 Dex+3}
   (You bought it in a shop in the Dungeon)

   [ring of protection]

   It affects your AC (+6).
   It affects your dexterity (+3).
 s - the ring of Dighuy (right hand) {+Fly rC+}
   (You bought it in a shop in the Dungeon)

   [ring of flight]

   It protects you from cold.
   It lets you fly.
Magical devices
 l - a wand of cold (5)
 m - a wand of fire (5)
 r - a wand of polymorph (13)
Scrolls
 k - 2 scrolls of blinking
 n - 3 scrolls of fog
Potions
 d - 5 potions of might
 f - a potion of curing
 g - 3 potions of heal wounds
 h - 4 potions of haste
 i - 2 potions of magic
 j - a potion of berserk rage
 o - a potion of resistance
Comestibles
 e - a bread ration


   Skills:
 + Level 9.3 Fighting
 + Level 7.7 Maces & Flails
 + Level 9.1 Armour
 - Level 0.2 Dodging
 + Level 9.3 Shields


You had 6 spell levels left.
You didn't know any spells.

Dungeon Overview and Level Annotations

Branches:
Dungeon (1/1)

Altars:
Cheibriados
Dithmenos
Fedhas
Gozag
Kikubaaqudgha
Makhleb
Okawaru
Qazlal
Ru
Sif Muna
Trog
Vehumet
Xom
Yredelemnul
Zin
The Shining One
Jiyva
Lugonu

Shops:
D *[%??*?*:[((!!!!


Innate Abilities, Weirdness & Mutations

You are resistant to torment.
Your stone body is resilient (AC +4).
You are immune to poison.
You resist negative energy.
You are resistant to electric shocks.
You can survive without breathing.
You are immune to petrification.
You are immune to rotting.


Message History

You block the fire bat's attack. You block the fire bat's attack.
The fire bat bites you but does no damage.
You block the fire bat's attack. The fire bat barely misses you.
The fire elemental hits you. The fire elemental burns you!
The fire bat bites you but does no damage. x2
Read which item? (? for menu, Esc to quit)
Blink to where?
Press: ? - help, Dir - move target cursor
As you read the scroll of blinking, it crumbles to dust.
The fire bat bites you but does no damage.
The fire drake breathes flames at you. The blast of flame hits you!
* * * LOW HITPOINT WARNING * * *
The fire bat closely misses you.
The fire bat bites you but does no damage. x3
The fire bat bites you.
* * * LOW HITPOINT WARNING * * *
You are engulfed in flames.
You die...

###...)....)###
#⌠....)§.....⌠#
######.8...§..§..8.#####
##∩___....§.###......___∩
###∩.......E8.# #.8§.......
##..........k..###..D.......
#§.........b###...###.......
#§.........b# #.<.# #.......
#§.........@###...###.....†.
##.............###..........
###∩........8.# #.8........
##∩___......###......___∩
######.8.....)[..8.#####
#⌠.....).....⌠#
###.........### #_......._#
#........_#


You could see a fire drake, a fire elemental and 2 fire bats.

Vanquished Creatures
  Pikel (D)
  A big kobold (D)
  Terence (D)
  A worker ant (D)
  An adder (D)
  A giant cockroach (D)
  3 goblins (D)
  2 hobgoblins (D)
  A rat (D)
12 creatures vanquished.

Notes
Turn   | Place    | Note
--------------------------------------------------------------
     0 | D        | nuthulu the Gargoyle Fighter began the quest for the Orb.
     0 | D        | Reached XP level 1. HP: 14/14 MP: 1/1
     1 | D        | Found a blossoming altar of Fedhas.
     1 | D        | Found a shimmering altar of Xom.
     2 | D        | Found a glowing silver altar of Zin.
     2 | D        | Found a stormy altar of Qazlal.
     3 | D        | Found a viscous altar of Jiyva.
     3 | D        | Found a shadowy altar of Dithmenos.
     4 | D        | Found Omaloes's Do-It-Yourself Clinic.
     4 | D        | Found a deep blue altar of Sif Muna.
     4 | D        | Found a burning altar of Makhleb.
     4 | D        | Found Muny's Distillery.
     5 | D        | Found Couple's Bottled Wisdom.
     5 | D        | Found Ajaibbel's Distillery.
     5 | D        | Round 1.
     6 | D        | Noticed Terence
     7 | D        | Found a bloodstained altar of Trog.
    12 | D        | Bought 6 potions of might for 168 gold pieces
    17 | D        | Found a glowing golden altar of the Shining One.
    17 | D        | Found Etememej's Staff Store.
    18 | D        | Found Qinuic's Must-Have Magic.
    18 | D        | Found Xokir's Magic Scroll Shop.
    22 | D        | Became a worshipper of Trog the Wrathful
    25 | D        | Killed Terence
    25 | D        | Reached skill level 4 in Fighting
    25 | D        | Reached XP level 2. HP: 15/20 MP: 2/2
    25 | D        | Reached XP level 3. HP: 18/25 MP: 3/3
    59 | D        | Acquired Trog's first power
    67 | D        | Found a basalt altar of Yredelemnul.
    67 | D        | Found Xeeklec's Magic Scroll Shop.
    71 | D        | Found a corrupted altar of Lugonu.
    75 | D        | Found an opulent altar of Gozag.
    75 | D        | Found a snail-covered altar of Cheibriados.
    76 | D        | Found Magykuij's Bee Food.
    77 | D        | Found Mamothrurph's Jewellery.
    77 | D        | Found Receuhosma's Advanced Armour.
    78 | D        | Found a radiant altar of Vehumet.
    78 | D        | Found an iron altar of Okawaru.
    78 | D        | Found an ancient bone altar of Kikubaaqudgha.
    78 | D        | Found Kuzuguor's Identification Station.
    82 | D        | Found a sacrificial altar of Ru.
    85 | D        | Found Feest's Premium Goods.
    85 | D        | Found Esu Zaukh's Weapon Rack.
    86 | D        | Found Jorios's Miscellaneous Merchandise.
    86 | D        | Found Bitijul's Basic Armour.
   131 | D        | Reached skill level 5 in Fighting
   131 | D        | Reached skill level 5 in Shields
   140 | D        | Acquired Trog's second power
   140 | D        | Reached skill level 5 in Armour
   140 | D        | Reached XP level 4. HP: 21/31 MP: 4/4
   143 | D        | Arena points: 14 (+14) [x2]
   168 | D        | Bought a warped iron ring for 45 gold pieces
   168 | D        | Identified the ring "Lilo" {AC+6 Dex+3} (You bought it in a shop in the Dungeon)
   196 | D        | Round 2.
   232 | D        | Noticed a big kobold
   235 | D        | Noticed Pikel
   245 | D        | Killed Pikel
   245 | D        | Reached skill level 9 in Fighting
   245 | D        | Reached XP level 5. HP: 27/41 MP: 5/5
   245 | D        | Reached XP level 6. HP: 30/46 MP: 6/6
   245 | D        | Reached XP level 7. HP: 33/51 MP: 7/7
   250 | D        | Killed a big kobold
   252 | D        | Arena points: 56 (+42) [x3]
   273 | D        | Bought a coiled granite ring for 45 gold pieces
   273 | D        | Identified the ring of Dighuy {+Fly rC+} (You bought it in a shop in the Dungeon)
   275 | D        | Round 3.
   276 | D        | Noticed a fire bat
   277 | D        | Noticed a fire elemental
   277 | D        | Noticed a fire drake
   277 | D        | Noticed a fire bat
   300 | D        | HP: 2/51 [fire bat (1)]
   300 | D        | Slain by a fire bat

Vault maps used:
D:        arena_sprint

Action                   |  1- 3 |  4- 6 |  7- 9 || total
-------------------------+-------+-------+-------++-------
Melee: Flail             |    14 |    21 |     7 ||    42
  Use: Potion            |     1 |     1 |     1 ||     3
       Scroll            |       |       |     2 ||     2
